 Dungeon Crawl Stone Soup version 0.26-a0-859-gf57989e088 (webtiles) character file.

Game seed: 5232964515335996943

4352 Ijustatesigmund the Cleaver (level 10, -3/79 HPs)
             Began as an Octopode Fighter on Nov 25, 2020.
             Slain by a two-headed ogre
             ... wielding a +0 dire flail
              (14 damage)
             ... on level 8 of the Dungeon.
             The game lasted 00:16:26 (9214 turns).

Ijustatesigmund the Cleaver (Octopode Fighter)      Turns: 9214, Time: 00:16:27

Health: -3/79      AC:  1    Str: 15 (16) XL:     10   Next: 34%
Magic:  10/10      EV: 15    Int: 13      God:
Gold:   404        SH: 10    Dex: 12      Spells: 9/9 levels left

rFire    + . .     SeeInvis .   a - +3 war axe
rCold    + . .     Faith    .   b - +0 kite shield
rNeg     . . .     Spirit   .   (helmet restricted)
rPois    .         Reflect  .   (no amulet)
rElec    .         Harm     .   (no ring)
rCorr    .         Rampage  .   (no ring)
MR       .....                  (no ring)
Stlth    ++........             (no ring)
HPRegen  0.23/turn              (no ring)
MPRegen  0.12/turn              (no ring)
                                (no ring)
                                (no ring)

@: lethally poisoned (-3 -> -8)
A: almost no armour, stealthy swim, amphibious, 8 rings, constrict 8, camouflage
1, cold resistance 1, deterioration 1, fire resistance 1, robust 1, wild magic
1, gelatinous body 1, evolution 1
a: no special abilities


You were on level 8 of the Dungeon.
You visited 2 branches of the dungeon, and saw 9 of its levels.
You also visited: Ossuary.

You collected 404 gold pieces.

Inventory:

Hand Weapons
 a - a +3 war axe (weapon)
 k - a +1 flail of draining
 q - a +0 broad axe
Missiles
 d - 2 atropa-tipped darts (quivered)
Armour
 b - a +0 kite shield (worn)
Jewellery
 s - an uncursed amulet of faith
Wands
 f - a wand of random effects (15)
 h - a wand of flame (45)
 l - a wand of paralysis (6)
Scrolls
 e - a scroll of fog
 i - 5 scrolls of remove curse
 j - a scroll of identify
 n - a scroll of immolation
Potions
 c - 2 potions of might
 g - 5 potions of flight
 m - 5 potions of mutation
 o - 2 potions of lignification
 p - a potion of curing
 r - a potion of cancellation


   Skills:
 + Level 8.3 Fighting
 + Level 9.1 Axes
 + Level 7.1 Dodging
 + Level 7.1 Shields


You had 9 spell levels left.
You didn't know any spells.
Your spell library contained the following spells:

 Spells                   Type           Power        Failure   Level
 Foxfire                  Conj/Fire      #...         73%         1
 Magic Dart               Conj           #...         73%         1
 Shock                    Conj/Air       #...         73%         1
 Blink                    Tloc           N/A          85%         2
 Call Imp                 Summ           #.......     85%         2
 Poisonous Vapours        Pois/Air       #.....       85%         2
 Slow                     Hex            #.......     85%         2
 Swiftness                Air            #.......     85%         2
 Conjure Flame            Conj/Fire      #.......     97%         3
 Ignite Poison            Fire/Tmut/Pois #.......     97%         3
 Inner Flame              Hex/Fire       #.......     97%         3
 Mephitic Cloud           Conj/Pois/Air  #.......     97%         3
 Sticky Flame             Conj/Fire      #.......     100%        4
 Fireball                 Conj/Fire      #.........   100%        5
 Conjure Ball Lightning   Conj/Air       #.........   100%        6
 Eringya's Noxious Bog    Tmut/Pois      #.........   100%        6


Dungeon Overview and Level Annotations

Branches:
Dungeon (8/15)             Temple (1/1) D:4         Ossuary (visited)
   Lair: D:8-11

Altars:
Ashenzari
Cheibriados
Dithmenos
Fedhas
Gozag
Hepliaklqana
Makhleb
Nemelex Xobeh
Okawaru
Qazlal
Ru
Sif Muna
Trog
Uskayaw
Vehumet
Wu Jian
Yredelemnul
The Shining One

Shops:
D:6 }


Innate Abilities, Weirdness & Mutations

You cannot wear most types of armour.
You are very stealthy in the water. (Stealth+)
You are amphibious.
You can wear up to eight rings at the same time.
You can use your tentacles to constrict eight enemies at once.
Your skin changes colour to match your surroundings (Stealth+).
Your rubbery body absorbs attacks. (AC +1, EV +1)
Your flesh is cold resistant. (rC+)
Your body sometimes deteriorates upon taking damage.
Your flesh is heat resistant. (rF+)
You are robust. (+10% HP)
Your spells are a little harder to cast, but a little more powerful.
You evolve.


Message History

You slash the two-headed ogre!
The two-headed ogre is heavily wounded.
You feel sick.
The two-headed ogre hits you with a +0 dire flail!
The two-headed ogre hits you with a +0 giant spiked club!
You are too injured to fight recklessly!
You are too injured to fight recklessly!
You are too injured to fight recklessly!
A two-headed ogre is nearby!
You hit the two-headed ogre.
You squeeze the two-headed ogre, but do no damage.
The two-headed ogre is heavily wounded.
You feel sick. You block the two-headed ogre's attack.
The two-headed ogre hits you with a +0 giant spiked club!
* * * LOW HITPOINT WARNING * * *
You barely miss the two-headed ogre.
The two-headed ogre is heavily wounded.
You feel sick.
The two-headed ogre hits you with a +0 dire flail!
You die...

..........#...#.........#
..........#...#.........#
..........#...#.........#
..........#...#.........#
#.........#...#.........#
#.........#...#.........#
########'##...#.........#
.........'....#.........#
.........#....#.@.......#
.........#.(..#.O.......
###########...#.........
##.......##...#.........
##............#.........
.#............#.........
.#............#.........
.#............#.........
#............#


You could see a two-headed ogre.

Vanquished Creatures
  A two-headed ogre (D:8)
  Pikel (D:8)
  An orc warrior (D:7)
  A sky beast (D:5)
  An ice beast (D:8)
  4 ogres
  A centaur (D:8)
  3 lemures (D:8)
  A big kobold (D:8)
  5 bullfrogs
  2 scorpions (D:8)
  13 wights
  A howler monkey (D:6)
  A quasit (D:8)
  A bullfrog zombie (D:4)
  4 hounds
  A centaur zombie (D:6)
  2 human zombies (Ossuary)
  A jelly (D:8)
  Crazy Yiuf (D:3)
  7 orc priests
  2 centaur skeletons
  A bullfrog skeleton (D:8)
  Ijyb (D:3)
  An iguana (D:5)
  8 orc wizards
  6 worker ants
  A killer bee zombie (D:8)
  A big kobold zombie (Ossuary)
  A hound skeleton (D:6)
  7 mummies
  3 gnolls (D:4)
  10 adders
  4 river rats (D:7)
  2 shadow imps
  2 white imps
  3 ufetubi
  An ooze (D:4)
  2 adder skeletons (D:5)
  A worm (D:2)
  6 leopard geckos
  26 orcs
  3 giant cockroaches
  5 goblins (D:2)
  4 hobgoblins
  13 jackals
  14 kobolds
  3 quokkas
  2 ball pythons
  2 bats (D:1)
  3 frilled lizards
  3 goblin zombies (Ossuary)
  2 hobgoblin zombies
  A kobold zombie (Ossuary)
  3 leopard gecko skeletons
  An orc zombie (D:7)
  A quokka zombie (D:5)
  4 rats
206 creatures vanquished.

Vanquished Creatures (others)
  84 plants
84 creatures vanquished.

Grand Total: 290 creatures vanquished

Notes
Turn   | Place    | Note
-------+----------+-------------------------------------------
     0 | D:1      | Ijustatesigmund the Octopode Fighter began the quest for
                  | the Orb.
     0 | D:1      | Reached XP level 1. HP: 16/16 MP: 1/1
   190 | D:1      | Reached XP level 2. HP: 21/21 MP: 2/2
   707 | D:1      | Gained mutation: Your spells are a little harder to cast,
                  | but a little more powerful. [potion of mutation]
   707 | D:1      | Gained mutation: You evolve. [potion of mutation]
   864 | D:2      | Found a snail-covered altar of Cheibriados.
   864 | D:2      | Found a radiant altar of Vehumet.
  1028 | D:2      | Reached skill level 3 in Axes
  1028 | D:2      | Reached XP level 3. HP: 21/26 MP: 3/3
  1142 | D:2      | Found an iron altar of Okawaru.
  1201 | D:2      | Gained mutation: Your flesh is cold resistant. (rC+)
                  | [evolution]
  1637 | D:2      | Found a stormy altar of Qazlal.
  1643 | D:2      | Found a basalt altar of Yredelemnul.
  1664 | D:2      | Reached XP level 4. HP: 33/33 MP: 4/4
  1874 | D:3      | Noticed Ijyb
  1885 | D:3      | Killed Ijyb
  1886 | D:3      | Reached skill level 4 in Axes
  2223 | D:3      | Reached XP level 5. HP: 37/37 MP: 5/5
  2430 | D:3      | Found a runed translucent door.
  2431 | D:3      | Noticed Crazy Yiuf
  2440 | D:3      | Killed Crazy Yiuf
  2824 | D:4      | Reached skill level 5 in Axes
  2827 | D:4      | Reached XP level 6. HP: 3/44 MP: 6/6
  3285 | D:4      | Found a staircase to the Ecumenical Temple.
  3338 | Temple   | Entered the Ecumenical Temple
  3682 | Temple   | Gained mutation: Your body sometimes deteriorates upon
                  | taking damage. [evolution]
  3835 | D:4      | Found a broken altar of Ashenzari.
  3855 | D:4      | Reached skill level 6 in Axes
  4078 | D:4      | Reached skill level 5 in Fighting
  4078 | D:4      | Reached XP level 7. HP: 50/50 MP: 7/7
  4407 | D:4      | Found a hide-covered altar of Uskayaw.
  4615 | D:5      | Entered Level 5 of the Dungeon
  5003 | D:5      | Reached XP level 8. HP: 28/56 MP: 8/8
  5319 | D:5      | Identified the Collected Works on Feathers and
                  | Contamination
  5392 | D:5      | Found a shadowy altar of Dithmenos.
  5518 | D:5      | Reached skill level 7 in Axes
  5979 | D:6      | Found a sacrificial altar of Ru.
  5999 | D:6      | You fall into a shaft and drop 2 floors!
  6055 | D:8      | Gained mutation: Your flesh is heat resistant. (rF+)
                  | [evolution]
  6093 | D:7      | Reached skill level 5 in Dodging
  6093 | D:7      | Reached skill level 5 in Shields
  6168 | D:7      | Reached XP level 9. HP: 46/63 MP: 9/9
  6387 | D:7      | Found a sand-covered staircase.
  6392 | Ossuary  | Entered an ossuary
  6704 | D:7      | Found a shadowy altar of Dithmenos.
  6732 | D:7      | Reached skill level 8 in Axes
  7754 | D:6      | Found Qommaoje's Gadget Emporium.
  7816 | D:7      | Gained mutation: You are robust. (+10% HP) [evolution]
  8148 | D:8      | Noticed a two-headed ogre
  8172 | D:8      | Killed a two-headed ogre
  8173 | D:8      | Reached XP level 10. HP: 58/79 MP: 10/10
  8371 | D:8      | Noticed Pikel
  8388 | D:8      | Killed Pikel
  8389 | D:8      | Reached skill level 9 in Axes
  9201 | D:8      | Noticed a two-headed ogre
  9214 | D:8      | Slain by a two-headed ogre

Illustrated notes

Levels and vault maps discovered:
D:1:      lemuel_arrival_room, layout_basic, serial_forest,
          infiniplex_forest_lined_2, infiniplex_forest_lined_ring,
          infiniplex_forest_clump_long, infiniplex_forest_lined_2,
          infiniplex_forest_clump_small, infiniplex_forest_lined_room_2,
          infiniplex_forest_lined_2
D:2:      layout_basic, minitemple, nicolae_overflow_hidden_temple,
          chequers_temple_overflow_statue_of_worship,
          kennysheep_okawaru_gauntlet
D:3:      layout_loops_ring, minmay_misc_feat_doors, uniq_ijyb,
          uniq_crazy_yiuf_cottage
D:4:      layout_rooms, lemuel_crystal_altar, eat_drink_and_be_merry_uskayaw,
          minmay_temple_entry_water_ring
D:5:      layout_gridville, nicolae_dithmenos_through_a_glass_darkly
D:6:      layout_rooms, overflow_temple_1_default, serial_shops, shop_fountains
D:7:      wad_woods_stonehenge, layout_basic, nicolae_ossuary_entry_giza
D:8:      layout_gridville, lemuel_zombie_altar_kikubaaqudgha, uniq_pikel
Temple:   compressed_dpeg_triangle_lava_temple

Skill      XL: |  1  2  3  4  5  6  7  8  9 10 |
---------------+-------------------------------+-----
Axes           | 3 4 5 6 7 8 9 |  9.1
Fighting       | 4 5 6 7 8 |  8.3
Dodging        | 5 6 7 |  7.1
Shields        | 5 6 7 |  7.1

Action                   |  1- 3 |  4- 6 |  7- 9 | 10-12 || total
-------------------------+-------+-------+-------+-------++-------
Melee: War axe           |    43 |    85 |   242 |    59 ||   429
       Constrict         |    11 |    17 |    62 |    15 ||   105
       Tentacles         |     5 |    15 |    53 |    15 ||    88
Throw: Dart              |     1 |     2 |     6 |       ||     9
Evoke: Wand              |       |       |     2 |       ||     2
  Use: Scroll            |     7 |     5 |     8 |     1 ||    21
       Potion            |     2 |     2 |     7 |       ||    11
 Stab: Sleeping          |     2 |     6 |    10 |       ||    18
       Invisible         |     1 |       |     1 |       ||     2
       Paralysed         |       |       |    10 |       ||    10
       Distracted        |       |       |     1 |     1 ||     2
Armor: Skin              |     4 |       |    12 |     1 ||    17
Dodge: Dodged            |    19 |    37 |   109 |    28 ||   193
Block: Kite shield       |    22 |    40 |   115 |    25 ||   202

Table legend: (Time is in decaauts)
 A = Elapsed time spent in this place.
 B = Non-inter-level travel time spent in this place.
 C = Inter-level travel time spent in this place.
 D = Time resting spent in this place.
 E = Time spent auto-exploring this place.
 F = Levels seen in this place.
 G = Mean time per level.
                   A        B        C        D        E       F      G
               +--------+--------+--------+--------+--------+-----+--------+
         Total |   9333 |   9032 |    301 |   2240 |   5497 |  10 |  933.3 |
       Dungeon |   8578 |   8296 |    282 |   2240 |   4857 |   8 | 1072.2 |
        Temple |    480 |    461 |     19 |      0 |    461 |   1 |  480.0 |
       Ossuary |    274 |    274 |      0 |      0 |    179 |   1 |  274.0 |
               +--------+--------+--------+--------+--------+-----+--------+

Top non-repeatable levels by time:
     D:7: 1372 daAuts
     D:3: 1242 daAuts
     D:8: 1226 daAuts
     D:5: 1164 daAuts
     D:2: 1132 daAuts
     D:4: 1056 daAuts
     D:1: 756 daAuts
     D:6: 628 daAuts
  Temple: 480 daAuts
 Ossuary: 274 daAuts
